 Dungeon Crawl Stone Soup version 0.21-a0-372-gd0ff781 (webtiles) character file.

57170 robertstho the Severer (level 14, 0/133 HPs)
             Began as a Minotaur Berserker on Oct 16, 2017.
             Was a High Priest of Trog.
             Slain by an ettin
             ... wielding a +1 dire flail of crushing
              (9 damage)
             ... on level 1 of the Orcish Mines.
             The game lasted 00:49:56 (14300 turns).

robertstho the Severer (Minotaur Berserker)        Turns: 14300, Time: 00:49:57

Health: 0/133      AC: 18    Str: 24    XL:     14   Next: 44%
Magic:  4/4        EV: 13    Int:  5    God:    Trog [*****.]
Gold:   458        SH:  0    Dex: 16    Spells: 13/13 levels left

rFire    . . .     SeeInvis +   P - +1 executioner's axe (antimagic)
rCold    + + .     Gourm    .   (shield currently unavailable)
rNeg     . . .     Faith    .   F - +2 chain mail {rC+}
rPois    +         Spirit   .   (helmet restricted)
rElec    .         Reflect  .   (no cloak)
rCorr    .         Harm     .   v - +0 pair of gloves
MR       ++...                  y - +0 pair of boots
Stlth    ..........             L - amulet of regeneration
HPRegen  0.72/turn              G - ring "Bownonobb" {rPois rC+ MR+ EV+1 Dex+4}
MPRegen  0.09/turn              w - ring of see invisible

@: no status effects
A: retaliatory headbutt, horns 2
a: Berserk, Trog's Hand, Brothers in Arms, Burn Spellbooks, Renounce Religion


You were on level 1 of the Orcish Mines.
You worshipped Trog.
Trog was extremely pleased with you.
You were not hungry.

You visited 2 branches of the dungeon, and saw 17 of its levels.

You collected 1442 gold pieces.
You spent 984 gold pieces at shops.

Inventory:

Hand Weapons
 q - a +0 flail
 D - a +2 antimagic broad axe
 P - a +1 antimagic executioner's axe (weapon)
 R - a +0 scimitar of flaming
Armour
 u - a +0 large shield
 v - a +0 pair of gloves (worn)
 y - a +0 pair of boots (worn)
 F - a +2 chain mail of cold resistance (worn)
Jewellery
 h - an uncursed ring of stealth
 s - an uncursed ring of positive energy
 w - a ring of see invisible (right hand)
 G - the ring "Bownonobb" (left hand) {rPois rC+ MR+ EV+1 Dex+4}
   (You bought it in a shop on level 5 of the Dungeon)

   [ring of evasion]

   It affects your evasion (+1).
   It affects your dexterity (+4).
   It protects you from cold.
   It protects you from poison.
   It affects your resistance to hostile enchantments.
 L - an amulet of regeneration (around neck)
Wands
 d - a wand of disintegration (10/24)
 t - a wand of digging (9/24)
 B - a wand of flame (17/48)
 C - a wand of confusion (14/48)
 H - a wand of paralysis (8/24)
 K - a wand of random effects (33/48)
 N - a wand of polymorph (13/24)
 Q - a wand of scattershot (3/9)
Scrolls
 a - 2 scrolls of blinking
 e - 8 scrolls of remove curse
 f - 4 scrolls of fog {unknown}
 g - a scroll of enchant weapon {unknown}
 j - 2 scrolls of noise {unknown}
 o - 9 scrolls of teleportation
 p - 4 scrolls of amnesia {unknown}
 r - 4 scrolls of recharging {unknown}
 x - a scroll of random uselessness {unknown}
 A - a scroll of holy word {unknown}
 E - a scroll of enchant armour {unknown}
 M - a scroll of magic mapping {unknown}
 S - a scroll of fear {unknown}
 T - 2 scrolls of identify
Potions
 b - a potion of might
 i - a potion of ambrosia {unknown}
 k - a potion of resistance
 l - 6 potions of curing
 n - 2 potions of agility
 z - a potion of heal wounds
 J - 3 potions of flight {unknown}
Miscellaneous
 O - a phial of floods
Comestibles
 c - 12 bread rations
 m - 6 meat rations


   Skills:
 * Level 14.7 Fighting
 + Level 1.3 Long Blades
 * Level 19.2(19.3) Axes
 + Level 3.0(13.3) Maces & Flails
 * Level 13.5 Armour
 + Level 5.9 Dodging
 - Level 1.0 Stealth
 + Level 4.0 Shields


You had 13 spell levels left.
You didn't know any spells.

Dungeon Overview and Level Annotations

Branches:
Dungeon (15/15)            Temple (0/1) D:5            Lair (0/6) D:11
    Orc (2/2) D:9          Vaults (0/5) D:14         Depths (0/5) D:15
    Elf: Orc:2

Altars:
Dithmenos
Kikubaaqudgha
Makhleb
Qazlal
Sif Muna
Zin
Beogh

Shops:
D:5 =}%=   D:10 =   Orc:1 ?

Portals:
Trove: D:10 (show slimy rune of Zot)

Annotations:
D:5 387 ring 390 diff shop am regen


Innate Abilities, Weirdness & Mutations

You reflexively headbutt those who attack you in melee.
You have a pair of horns on your head.


Message History

* * * LOW HITPOINT WARNING * * *
You are too injured to fight recklessly!
You are too injured to fight recklessly!
You feel much better. The ettin closely misses you.
The ettin completely misses you.
Found 15 gold pieces.
You see here 21 gold pieces.
There is a stone staircase leading up here.
The ettin misses you. The ettin closely misses you.
You climb upwards.
There is a stone staircase leading down here.
Your ogre goes berserk!
You feel somewhat more hungry.
The ettin hits you with a dire flail of crushing!
The ettin hits you with a great mace!
* * * LOW HITPOINT WARNING * * *
Your ogre hits the ettin with a giant club!!
The ettin hits you with a dire flail of crushing!!
* * * LOW HITPOINT WARNING * * *
You die...

#...####.## ##..##.#.##
#.........# ###........##
####..#......###
###.#............##
###....#............#####
##.....#.........#..###..##
#####...........@.......##....#
#.##.#.##.......CO......###..##
........##.......>.......#...#
#..#.#.##...................##
#...#.........[[............##
##.###.#.....(.......#.#.....#
.##.#..............#.###.#..##
.....#..[.................###
..#.....[[...##............##


You could see an ettin and a friendly ogre (berserk).

Vanquished Creatures
  The ghost of pkoi the Destroyer, a journeyman DrCj of Vehumet (D:13)
  8 vault guards (D:14)
  A catoblepas (D:14)
  A hydra (D:15)
  3 centaur warriors
  4 two-headed ogres
  An orc high priest (Orc:2)
  2 tengu warriors (D:15)
  A titan zombie (D:15)
  A skeletal warrior (D:15)
  An unseen horror (D:13)
  A phantasmal warrior (D:15)
  A shadow dragon zombie (D:15)
  2 orc sorcerers
  A necromancer (D:15)
  10 ugly things
  7 cyclopes
  A frost giant skeleton (D:15)
  3 centaur zombies
  The ghost of iamsocky the Shield-Bearer, a novice GnFi (D:4)
  3 gargoyles
  3 centaur skeletons
  An efreet (D:15)
  A troll (shapeshifter) (D:14)
  7 trolls
  A hornet (D:11)
  A wolf spider simulacrum (D:14)
  A harpy skeleton (D:15)
  2 hippogriffs
  A deep troll skeleton (D:15)
  5 wraiths
  4 yaks (D:12)
  3 wyverns
  A golden eye (shapeshifter) (D:15)
  A hungry ghost (D:9)
  7 wargs
  Duvessa (D:6)
  A water moccasin (D:10)
  A water moccasin (shapeshifter) (D:14)
  5 ice beasts
  3 sky beasts
  14 orc warriors
  A black bear (D:7)
  10 ogres
  A necrophage (D:7)
  3 phantoms
  15 centaurs
  A crocodile (D:13)
  A big kobold (D:9)
  An elf zombie (D:7)
  6 bullfrogs
  Dowan (D:6)
  A wyvern skeleton (D:14)
  A water moccasin skeleton (D:9)
  4 scorpions
  5 killer bees (D:11)
  8 wights
  4 howler monkeys
  7 crimson imps
  2 bullfrog zombies
  3 human zombies (D:7)
  A quasit (D:15)
  12 orc priests
  4 jellies
  5 bullfrog skeletons
  7 hounds
  2 iguanas
  12 orc wizards
  A human skeleton (D:7)
  5 worker ants
  2 hound skeletons
  A mummy (D:7)
  A worker ant zombie (D:11)
  8 gnolls
  8 adders
  3 shadow imps
  2 oozes
  An adder zombie (D:6)
  3 worms
  A dart slug (D:2)
  12 leopard geckos
  79 orcs
  3 ball pythons
  7 bats
  5 giant cockroaches
  12 goblins
  8 hobgoblins
  8 jackals
  7 quokkas
  3 frilled lizards
  11 kobolds
  A leopard gecko zombie (D:6)
  A quokka skeleton (D:8)
  A quokka zombie (D:6)
  9 rats
  2 withered plants (D:15)
441 creatures vanquished.

Vanquished Creatures (collateral kills)
  Louise (D:15)
  A hydra (D:15)
  A skeletal warrior (D:15)
  4 ugly things (D:15)
  A hippogriff (D:11)
  A warg (D:11)
  An orc warrior (D:11)
  An orc priest (D:11)
  An orc wizard (D:11)
  3 orcs (D:11)
15 creatures vanquished.

Vanquished Creatures (others)
  2 withered plants (D:15)
2 creatures vanquished.

Grand Total: 458 creatures vanquished

Notes
Turn   | Place    | Note
-------+----------+-------------------------------------------
     0 | D:1      | robertstho the Minotaur Berserker began the quest for the Orb.
     0 | D:1      | Reached XP level 1. HP: 19/19 MP: 0/0
   107 | D:1      | Reached skill level 4 in Axes
   107 | D:1      | Reached XP level 2. HP: 22/27 MP: 1/1
   518 | D:1      | Reached XP level 3. HP: 27/33 MP: 2/2
   772 | D:2      | Reached ** piety under Trog
  1315 | D:3      | Reached XP level 4. HP: 28/40 MP: 3/3
  1449 | D:3      | Reached skill level 5 in Axes
  1769 | D:3      | Reached XP level 5. HP: 42/47 MP: 4/4
  1949 | D:4      | Reached skill level 6 in Axes
  1980 | D:4      | Noticed iamsocky's ghost (novice GnFi)
  1995 | D:4      | Killed iamsocky's ghost
  1995 | D:4      | Reached skill level 5 in Fighting
  1995 | D:4      | Reached skill level 7 in Axes
  1995 | D:4      | Reached XP level 6. HP: 41/56 MP: 5/5
  2047 | D:4      | Reached XP level 7. HP: 37/61 MP: 6/6
  2168 | D:4      | Reached *** piety under Trog
  2470 | D:5      | Entered Level 5 of the Dungeon
  2497 | D:5      | Reached skill level 8 in Axes
  2672 | D:5      | Found a staircase to the Ecumenical Temple.
  2807 | D:5      | Found Rirch's Jewellery Shop.
  2958 | D:5      | Found Uqisiheu's Jewellery Boutique.
  2984 | D:5      | Found Ohui's Gadget Boutique.
  2989 | D:5      | Found Etohil's Food Shop.
  3008 | D:5      | Reached skill level 5 in Armour
  3230 | D:5      | Reached skill level 1 in Stealth
  3308 | D:6      | Found a glowing silver altar of Zin.
  3331 | D:6      | Noticed Duvessa
  3331 | D:6      | Noticed Dowan
  3341 | D:6      | Killed Duvessa
  3346 | D:6      | Killed Dowan
  3346 | D:6      | Reached XP level 8. HP: 70/70 MP: 7/7
  3412 | D:6      | Reached skill level 9 in Axes
  3493 | D:6      | Found a deep blue altar of Sif Muna.
  4006 | D:7      | Reached **** piety under Trog
  4131 | D:7      | Reached skill level 10 in Axes
  4178 | D:7      | Reached XP level 9. HP: 66/79 MP: 8/8
  4183 | D:7      | Found an ancient bone altar of Kikubaaqudgha.
  4229 | D:7      | Reached skill level 11 in Axes
  5008 | D:5      | Bought the ring "Bownonobb" {rPois rC+ MR+ EV+1 Dex+4} for 387 gold pieces
  5103 | D:10     | Entered Level 10 of the Dungeon
  5135 | D:9      | Found a stormy altar of Qazlal.
  5198 | D:9      | Got a crude scale mail
  5331 | D:9      | Reached skill level 12 in Axes
  5343 | D:9      | Found a staircase to the Orcish Mines.
  5618 | D:9      | Reached ***** piety under Trog
  5759 | D:9      | Reached XP level 10. HP: 86/89 MP: 9/9
  6215 | D:10     | Identified the +3 scale mail "Suonn" {MP+9 Int+2 Slay+2} (You found it on level 9 of the Dungeon)
  6249 | D:10     | Reached skill level 13 in Axes
  6282 | D:10     | Found Puptuo Sahi's Jewellery Shop.
  6490 | D:10     | Found a portal to a secret trove of treasure.
  6729 | D:11     | Paralysed by a hornet for 3 turns
  7059 | D:11     | Noticed a two-headed ogre
  7068 | D:11     | Killed a two-headed ogre
  7327 | D:11     | Reached skill level 14 in Axes
  7337 | D:11     | Received a gift from Trog
  7501 | D:11     | Found a staircase to the Lair.
  7806 | D:12     | Noticed a cyclops
  7818 | D:12     | Killed a cyclops
  7818 | D:12     | Reached skill level 10 in Fighting
  7818 | D:12     | Reached XP level 11. HP: 83/99 MP: 3/10
  8021 | D:12     | Noticed a white ugly thing
  8033 | D:12     | Killed a white ugly thing
  8320 | D:12     | Reached skill level 10 in Armour
  8819 | D:12     | Reached skill level 15 in Axes
  8856 | D:13     | Noticed an unseen horror
  8862 | D:13     | Killed an unseen horror
  9188 | D:13     | Noticed a centaur warrior
  9197 | D:13     | Killed a centaur warrior
  9464 | D:13     | Noticed pkoi's ghost (journeyman DrCj)
  9465 | D:13     | Noticed a green ugly thing
  9481 | D:13     | Killed a green ugly thing
  9556 | D:13     | Killed pkoi's ghost
  9556 | D:13     | Reached skill level 16 in Axes
  9756 | D:13     | Noticed a green ugly thing
  9764 | D:13     | Killed a green ugly thing
  9909 | D:13     | Reached XP level 12. HP: 87/111 MP: 3/11
 10033 | D:13     | Noticed a two-headed ogre
 10039 | D:13     | Killed a two-headed ogre
 10370 | D:13     | Noticed a two-headed ogre
 10374 | D:13     | Killed a two-headed ogre
 10724 | D:5      | Bought an uncursed amulet of regeneration for 390 gold pieces
 10728 | D:5      | Reached skill level 5 in Dodging
 10728 | D:5      | Reached XP level 13. HP: 119/119 MP: 4/12
 10952 | D:14     | Reached skill level 17 in Axes
 11139 | D:14     | Found a gate to the Vaults.
 11416 | D:13     | Reached skill level 18 in Axes
 11653 | D:14     | Reached skill level 1 in Shields
 12217 | D:14     | Received a gift from Trog
 12324 | D:15     | Entered Level 15 of the Dungeon
 12360 | D:15     | Found a shadowy altar of Dithmenos.
 12469 | D:15     | Received a gift from Trog
 12523 | D:15     | Reached XP level 14. HP: 110/132 MP: 4/13
 12729 | D:15     | Found a staircase to the Depths.
 12967 | D:15     | Noticed Louise
 12985 | D:15     | Killed Louise
 13088 | D:15     | Reached skill level 1 in Long Blades
 13622 | Orc:1    | Entered Level 1 of the Orcish Mines
 13646 | Orc:1    | Found Berefad's Magic Scroll Shop.
 13680 | Orc:1    | Found a roughly hewn altar of Beogh.
 13683 | Orc:1    | Reached skill level 19 in Axes
 13716 | Orc:1    | Bought a scroll of blinking for 97 gold pieces
 13716 | Orc:1    | Bought a scroll of immolation for 45 gold pieces
 13716 | Orc:1    | Bought a scroll of identify for 26 gold pieces
 13716 | Orc:1    | Bought a scroll of teleportation for 39 gold pieces
 14063 | Orc:2    | Entered Level 2 of the Orcish Mines
 14226 | Orc:2    | Found a burning altar of Makhleb.
 14300 | Orc:1    | Slain by an ettin

Vault maps used:
D:1:      matt_arrival_los_fun, kennysheep_flooded_box,
          kennysheep_decorative_pillar
D:4:      first_bread
D:5:      minmay_temple_entry_hall, serial_shops, shop, shop,
          nicolae_shop_trees, shop, minivault_19, st_stairs_6
D:6:      lemuel_crystal_altar, basic_altar, kennysheep_nub, uniq_duvessa
D:7:      enter_ossuary_1, lemuel_mausoleum_altar_kikubaaqudgha
D:9:      erik_orc_3, basic_altar
D:10:     enter_trove_2, serial_shops, nicolae_shop_window_shopping
D:11:     erik_lair_orcish_takeover
D:13:     grunt_ogre_cave
D:14:     erik_vaults_2, infiniplex_staircase_pool_1
D:15:     gammafunk_depths_entry_grave, nicolae_dithmenos_shadow_blocks,
          uniq_louise
Orc:1:    basic_altar, serial_shops, shop
Orc:2:    st_orc_pillars, basic_altar, serial_shops, shop

Skill      XL: |  1  2  3  4  5  6  7  8  9 10 11 12 13 14 |
---------------+-------------------------------------------+-----
Axes           | 4 5 7 8 10 12 14 16 18 19 | 19.2
Fighting       | 4 5 6 7 8 10 11 12 14 | 14.7
Armour         | 3 4 5 7 8 9 11 12 13 | 13.5
Dodging        | 3 4 5 |  5.9
Stealth        | 1 |  1.0
Maces & Flails | 3 |  3.0
Shields        | 3 4 |  4.0
Long Blades    | 1 |  1.3

Action                   |  1- 3 |  4- 6 |  7- 9 | 10-12 | 13-15 || total
-------------------------+-------+-------+-------+-------+-------++-------
Melee: Hand axe          |   105 |    80 |     3 |       |       ||   188
       Headbutt          |    11 |    15 |    88 |    92 |   106 ||   312
       War axe           |       |       |   332 |   111 |       ||   443
       Broad axe         |       |       |       |   239 |   195 ||   434
       Battleaxe         |       |       |       |       |     8 ||     8
       Executioner's axe |       |       |       |       |   180 ||   180
       Scimitar          |       |       |       |       |    12 ||    12
Invok: Trog's Hand       |       |     1 |       |     2 |     1 ||     4
       Berserk           |       |     2 |     2 |     4 |     5 ||    13
       Burn Spellbooks   |       |       |     1 |     2 |     1 ||     4
       Brothers in Arms  |       |       |       |     1 |     5 ||     6
  Use: Scroll            |       |       |     9 |     1 |     4 ||    14
       Potion            |       |       |       |     1 |     5 ||     6
  Eat: Chunk             |     1 |     2 |    11 |    13 |     6 ||    33
       Meat ration       |       |     1 |       |     1 |     2 ||     4
       Royal jelly       |       |       |     1 |     1 |       ||     2
       Fruit             |       |       |     1 |       |     3 ||     4
Armor: Ring mail         |    40 |    24 |    33 |       |       ||    97
       Chain mail        |       |       |   111 |   179 |   182 ||   472
Dodge: Dodged            |    62 |    45 |   160 |   187 |   202 ||   656
Block: Large shield      |       |       |       |       |    83 ||    83
       Shield            |       |       |       |       |     6 ||     6
       Rpst.: Scimitar   |       |       |       |       |     3 ||     3

Table legend:
 A = Spawn XP
 B = Non-spawn XP
 C = Spawn XP percentage of total XP
 D = Spawn monster count
 E = Non-spawn monster count
 F = Spawn count percentage of total count
 G = Total turns spent on level
                    A         B        C        D         E        F      G
               +---------+---------+-------+---------+---------+-------+---------
         Total |       0 |   64092 |   0.0 |       0 |     454 |   0.0 | 14300
               +---------+---------+-------+---------+---------+-------+---------
           D:1 |       0 |      42 |   0.0 |       0 |      25 |   0.0 |   664
           D:2 |       0 |      43 |   0.0 |       0 |      14 |   0.0 |   603
           D:3 |       0 |     160 |   0.0 |       0 |      31 |   0.0 |   678
           D:4 |       0 |     656 |   0.0 |       0 |      20 |   0.0 |   525
           D:5 |       0 |     350 |   0.0 |       0 |      12 |   0.0 |  1004
           D:6 |       0 |     782 |   0.0 |       0 |      28 |   0.0 |   720
           D:7 |       0 |    1730 |   0.0 |       0 |      25 |   0.0 |  1025
           D:8 |       0 |      44 |   0.0 |       0 |       3 |   0.0 |    58
           D:9 |       0 |    1855 |   0.0 |       0 |      40 |   0.0 |   958
          D:10 |       0 |    1199 |   0.0 |       0 |      17 |   0.0 |   829
          D:11 |       0 |    3709 |   0.0 |       0 |      46 |   0.0 |  1138
          D:12 |       0 |    4006 |   0.0 |       0 |      30 |   0.0 |  1126
          D:13 |       0 |   11202 |   0.0 |       0 |      26 |   0.0 |  1873
          D:14 |       0 |   17131 |   0.0 |       0 |      43 |   0.0 |  1245
          D:15 |       0 |   15418 |   0.0 |       0 |      33 |   0.0 |  1176
         Orc:1 |       0 |    2485 |   0.0 |       0 |      25 |   0.0 |   445
         Orc:2 |       0 |    3280 |   0.0 |       0 |      36 |   0.0 |   233
               +---------+---------+-------+---------+---------+-------+---------
